 Dungeon Crawl Stone Soup version 0.31.0-11-ge490571c62 (webtiles) character file.

Game seed: 15983215542033058988

33527 Persephone the Marksminotaur (level 13, -1/102 HPs)
             Began as a Minotaur Gladiator on Feb 1, 2024.
             Was an Elder of Hepliaklqana.
             Slain by Fannar
             ... wielding a staff of cold
              (25 damage)
             ... on level 2 of the Lair of Beasts on Feb 2, 2024.
             The game lasted 00:40:37 (14593 turns).

Persephone the Marksminotaur (Minotaur Gladiator)  Turns: 14593, Time: 00:40:37

Health: -1/102     AC: 12    Str: 18    XL:     13   Next: 37%
Magic:  18/18      EV: 20    Int:  5    God:    Hepliaklqana [****..]
Gold:   971        SH:  0    Dex: 24    Spells: 11/12 levels left

rFire   + . .        b - +0 arbalest
rCold   . . .        (shield currently unavailable)
rNeg    . . .        x - +2 leather armour {rF+}
rPois   .            c - +0 hat
rElec   .            r - scarf {repulsion}
rCorr   .            f - +1 pair of gloves
SInv    .            a - +0 pair of boots
Will    .....        (no amulet)
Stlth   +            y - +6 ring of dexterity
HPRegen 0.37/turn    g - +4 ring of protection
MPRegen 0.16/turn

%: repel missiles
@: confused, ambrosia-drunk
A: reduced essence, horns 2, retaliatory headbutt
a: Renounce Religion, Recall Ancestor, Ancestor Identity, Transference, Idealise


You were on level 2 of the Lair of Beasts.
You worshipped Hepliaklqana.
Hepliaklqana was greatly pleased with you.
You visited 3 branches of the dungeon, and saw 15 of its levels.

You collected 1495 gold pieces.
You spent 524 gold pieces at shops.

Inventory:

Hand Weapons
 b - a +0 arbalest (weapon)
 i - a +4 orcbow of freezing
Missiles
 d - a throwing net
 e - a javelin
Armour
 a - a +0 pair of boots (worn)
 c - a +0 hat (worn)
 f - a +1 pair of gloves (worn)
 r - a scarf of repulsion (worn)
 x - a +2 leather armour of fire resistance (worn)
 B - the +1 cloak of Equip {Rampage *Slow Int+7 SInv}
   (You bought it in a shop on level 5 of the Dungeon)

   Int+7:     It affects your intelligence (+7).
   SInv:      It lets you see invisible.
   *Slow:     It may slow you when you take damage.
   Rampage:   It bestows one free step when moving towards enemies.
Jewellery
 g - a +4 ring of protection (right hand)
 j - a +6 ring of strength
 y - a +6 ring of dexterity (left hand)
Wands
 A - a wand of flame (25)
 E - a wand of polymorph (11)
Scrolls
 l - a scroll of fog
 m - 3 scrolls of poison
 u - 2 scrolls of teleportation
 v - 4 scrolls of vulnerability
 w - 2 scrolls of immolation
 M - a scroll of enchant weapon
Potions
 h - a potion of might
 o - a potion of cancellation
 p - a potion of mutation {unknown}
 q - 3 potions of curing
 s - a potion of magic
 t - a potion of ambrosia
 z - a potion of haste {unknown}
 D - a potion of berserk rage {unknown}
 G - 3 potions of invisibility
 H - a potion of attraction {unknown}
 I - 2 potions of lignification {unknown}
 J - a potion of enlightenment
Miscellaneous
 K - a tin of tremorstones (2/2)


   Skills:
 - Level 10.3 Fighting
 - Level 8.1 Long Blades
 + Level 17.9 Ranged Weapons
 - Level 2.0 Throwing
 - Level 9.7 Dodging
 - Level 5.0 Shields
 - Level 8.2 Invocations


You had 11 spell levels left.
You knew the following spells:

 Your Spells              Type           Power      Damage    Failure   Level
a - Apportation           Tloc           0%         N/A       54%         1

Your spell library contained the following spells:

 Spells                   Type           Power      Damage    Failure   Level
 Necrotise                Necr           0%         1d4       54%         1
 Sting                    Conj/Alch      0%         1d3       54%         1
 Summon Small Mammal      Summ           0%         N/A       54%         1
 Blink                    Tloc           0%         N/A       67%         2
 Call Imp                 Summ           0%         N/A       67%         2
 Lesser Beckoning         Tloc           0%         N/A       67%         2
 Mercury Vapours          Alch/Air       0%         N/A       67%         2
 Momentum Strike          Conj/Tloc      0%         3d8       67%         2
 Sublimation of Blood     Necr           0%         N/A       67%         2
 Tukima's Dance           Hex            0%         N/A       88%         3
 Animate Armour           Summ/Erth      0%         N/A       99%         4
 Dimensional Bullseye     Hex/Tloc       0%         N/A       99%         4
 Iskenderun's Mystic Bla  Conj/Tloc      0%         2d3       99%         4
 Olgreb's Toxic Radiance  Alch           0%         N/A       99%         4
 Summon Lightning Spire   Summ/Air       0%         N/A       99%         4
 Lee's Rapid Deconstruct  Erth           0%         3d4*      100%        5
 Summon Hydra             Summ           0%         N/A       100%        7


Dungeon Overview and Level Annotations

Branches:
Dungeon (11/15)            Temple (0/1) D:7            Lair (2/5) D:9
  Swamp (0/4) Lair:2       Spider (0/4) Lair:2          Orc (2/2) D:11
    Elf (0/3) Orc:2

Altars:
Ashenzari
Dithmenos
Elyvilon
Fedhas
Hepliaklqana
Kikubaaqudgha
Nemelex Xobeh
Okawaru
Vehumet
Xom
Yredelemnul

Shops:
D:2 [   D:4 ?   D:5 [   D:7 *   D:9 (   Orc:2 *[:(

Annotations:
D:10 2 transporters, hikkokomori's ghost, journeyman FoFi
Lair:2 Fannar
Orc:2 Rupert


Innate Abilities, Weirdness & Mutations

Your life essence is reduced to manifest your ancestor. (-10% HP)
You have a pair of horns on your head.
You reflexively headbutt those who attack you in melee.


Message History

Fannar gestures wildly while chanting.
Fire: b) +0 arbalest
Press: ? - help, Shift-Dir - straight line, f/p - Fannar
Aim: Fannar, wielding a staff of cold and wearing a +1 robe of cold resistance (ally target, 60% to hit)
You shoot a bolt. Servia avoids your attack.
The bolt barely misses Fannar.
The bolt barely misses the ice beast.
Fannar hits Servia with a staff of cold.
Servia barely misses Fannar.
Fire: b) +0 arbalest
Press: ? - help, Shift-Dir - straight line, f/p - Fannar
Aim: Fannar, wielding a staff of cold and wearing a +1 robe of cold resistance (ally target, 60% to hit)
You shoot a bolt. Servia avoids your attack.
The bolt hits Fannar!
Fannar is lightly wounded.
Fannar casts a spell.
Fannar drains the heat from the surrounding environment!
* * * LOW HITPOINT WARNING * * *
Servia resists.
The plant begins to die. x4; The fungus begins to die.
Servia closely misses Fannar.
Unknown command.
Fire: b) +0 arbalest
Press: ? - help, Shift-Dir - straight line, f/p - Fannar
Aim: Fannar, wielding a staff of cold and wearing a +1 robe of cold resistance (lightly wounded, ally target, 60% to hit)
You shoot a bolt. The bolt hits the ice beast.
The ice beast is lightly wounded.
Fannar hits Servia but does no damage.
Fannar freezes Servia.
You are confused.
You feel invigorated.
Fannar points at you and mumbles some strange words.
The bolt of cold hits Servia.
Servia resists.
The bolt of cold misses the ice beast.
The bolt of cold hits you but does no damage.
Servia hits Fannar with a +0 flail!
The ice beast completely misses you.
You are too confused!
A yak comes into view.
The yak bellows!
You hear a bellow!
Fannar gestures wildly while chanting.
Fannar drains the heat from the surrounding environment!
You die...

,,,,,,**,..*,*P.,*** #...##......
+,,,,,,*,...###.** ##...##......
*,***,,*,..P#P#.#####P...####...#
******,,,........†.......#..#§..#
,,,,,<,,,........†...............
,,,,,,,,,........................
,,,,,,,,,......Y.................
,,,***,*,...eR.Y...........#..#..
**,,****,.......@..........##.###
*,,*,***,...#..P..##........#..##
*,,,,,,,,........#.##............
,,,,,,*,,...#P......#.......P..##
,*,,,***,............#....,,,,,,*
***,,***,...##...........,,,*,,**
***,**,,,...,.+.#.P##P..,,,**,**,
,,,,,,,,,..,PP.#,...*PY.,,,,,***,
,,,,,,,,,,,,,,,,,,,,,,,,,,,,,,,,,


You could see the friendly Servia the knight, Fannar (ally target), a yak and 2
ice beasts.

Vanquished Creatures
  Snorg (Orc:2)
  An entropy weaver (shapeshifter) (D:11)
  A hydra (Lair:2)
  Erica (D:10)
  A centaur warrior (D:10)
  5 two-headed ogres
  A death yak (D:9)
  A tengu warrior (D:10)
  3 orc high priests (Orc:2)
  4 orc knights (Orc:2)
  4 orc sorcerers (Orc:2)
  An oklob plant (D:10)
  2 unseen horrors (D:10)
  A cane toad (Lair:1)
  Jeremiah (D:7)
  A komodo dragon (D:10)
  A troll (shapeshifter) (D:10)
  A troll (D:10)
  2 hornets
  2 tyrant leeches (Lair:2)
  2 blink frogs (Lair:2)
  Sigmund (D:2)
  A wyvern (D:8)
  A shadow (D:9)
  2 wraiths
  2 wargs
  21 yaks
  2 steam dragons
  A swamp worm (Lair:2)
  5 water moccasins
  38 orc warriors
  A hornet zombie (D:9)
  3 ogres
  5 wolves (Lair:2)
  2 centaurs
  A kobold brigand (D:10)
  2 bullfrogs
  2 scorpions (D:6)
  2 gnoll sergeants
  3 wights (D:7)
  5 killer bees
  An oklob sapling (D:10)
  A howler monkey (D:10)
  2 hounds
  20 orc priests
  2 gnoll boudas
  3 sleepcaps
  Natasha (twice) (D:2)
  15 orc wizards
  2 iguanas
  8 gnolls
  10 adders
  A shadow imp (D:6)
  An ufetubus (D:5)
  2 dart slugs
  2 ribbon worms
  73 orcs
  4 bats
  6 endoplasms
  3 giant cockroaches
  7 goblins
  12 hobgoblins
  6 jackals
  7 kobolds
  3 quokkas
  11 ball pythons
  3 frilled lizards
  8 rats
352 creatures vanquished.

Vanquished Creatures (collateral kills)
  An orc warlord (Orc:2)
  2 two-headed ogres (D:10)
  An orc knight (D:11)
  A kobold blastminer (Orc:1)
  Grinder (D:5)
  A troll (Orc:2)
  A blink frog (Lair:2)
  A vampire (D:10)
  4 wyverns
  5 yaks
  2 water moccasins (D:7)
  3 orc warriors
  A black bear (D:7)
  A phantom (D:5)
  4 bullfrogs
  2 scorpions
  2 wights (D:7)
  A centaur zombie (D:9)
  2 orc priests
  A sleepcap (D:6)
  6 orc wizards
  An iguana (D:4)
  4 gnolls
  An ufetubus (D:5)
  16 orcs
  A goblin (D:4)
  A quokka (D:5)
67 creatures vanquished.

Vanquished Creatures (others)
  A two-headed ogre (D:10)
  A human (D:4)
  14 knights
16 creatures vanquished.

Grand Total: 435 creatures vanquished

Notes
Turn   | Place    | Note
-------+----------+-------------------------------------------
     0 | D:1      | Persephone the Minotaur Gladiator began the quest for the
                  | Orb.
     0 | D:1      | Reached XP level 1. HP: 18/18 MP: 0/0
    37 | D:1      | Found a faded altar of an unknown god.
   272 | D:1      | Reached XP level 2. HP: 24/25 MP: 1/1
   642 | D:2      | Reached skill level 5 in Long Blades
   685 | D:2      | Reached XP level 3. HP: 30/30 MP: 2/2
  1036 | D:2      | Noticed Sigmund
  1054 | D:2      | Killed Sigmund
  1055 | D:2      | Reached XP level 4. HP: 14/37 MP: 3/3
  1055 | D:2      | Reached XP level 5. HP: 16/42 MP: 4/4
  1170 | D:2      | Found a radiant altar of Vehumet.
  1191 | D:2      | Found Beazil's Antique Armour Shop.
  1413 | D:2      | Noticed Natasha
  1425 | D:2      | Killed Natasha
  1720 | D:2      | Noticed Natasha
  1728 | D:2      | Killed Natasha
  1729 | D:2      | Reached skill level 1 in Ranged Weapons
  1729 | D:2      | Reached XP level 6. HP: 30/50 MP: 5/5
  1831 | D:3      | Found a hazy altar of Hepliaklqana.
  1875 | D:3      | Became a worshipper of Hepliaklqana the Forgotten
  2688 | D:3      | Reached * piety under Hepliaklqana
  2881 | D:2      | Bought a buckler for 81 gold pieces
  3037 | D:4      | Reached skill level 2 in Ranged Weapons
  3051 | D:4      | Reached skill level 1 in Shields
  3279 | D:4      | Found Enitseva's Magic Scroll Shoppe.
  3843 | D:4      | Found an ancient bone altar of Kikubaaqudgha.
  3843 | D:4      | Noticed a human
  3846 | D:4      | Killed a human
  3968 | D:5      | Entered Level 5 of the Dungeon
  3977 | D:5      | Reached skill level 3 in Ranged Weapons
  4130 | D:5      | Noticed Grinder
  4140 | D:5      | Killed Grinder
  4141 | D:5      | Reached skill level 4 in Ranged Weapons
  4141 | D:5      | Reached XP level 7. HP: 37/50 MP: 6/6
  4213 | D:5      | Found a broken altar of Ashenzari.
  4267 | D:5      | You fall into a shaft and drop 3 floors!
  4278 | D:8      | Noticed a wyvern
  4286 | D:8      | Killed a wyvern
  4287 | D:8      | Reached skill level 5 in Ranged Weapons
  4461 | D:8      | Reached skill level 6 in Ranged Weapons
  4463 | D:8      | Reached XP level 8. HP: 20/55 MP: 7/7
  4597 | D:7      | Reached ** piety under Hepliaklqana
  4598 | D:7      | Remembered your ancestor Servia as a knight
  4610 | D:7      | Reached skill level 7 in Ranged Weapons
  4610 | D:7      | Reached skill level 5 in Shields
  4738 | D:6      | Reached skill level 8 in Ranged Weapons
  4987 | D:5      | Reached skill level 9 in Ranged Weapons
  5054 | D:5      | Found Odeumug's Antique Armour Boutique.
  5402 | D:6      | Found a radiant altar of Vehumet.
  5529 | D:6      | Reached XP level 9. HP: 54/61 MP: 8/8
  5607 | D:6      | Reached skill level 10 in Ranged Weapons
  5830 | D:6      | Found a white marble altar of Elyvilon.
  6013 | D:7      | Found Titel's Assorted Antiques.
  6030 | D:7      | Reached *** piety under Hepliaklqana
  6134 | D:7      | Found a sparkling altar of Nemelex Xobeh.
  6134 | D:7      | Found a shadowy altar of Dithmenos.
  6498 | D:7      | Found a staircase to the Ecumenical Temple.
  6693 | D:7      | Noticed Jeremiah
  6725 | D:7      | Killed Jeremiah
  6726 | D:7      | Reached skill level 11 in Ranged Weapons
  6901 | D:7      | Reached skill level 12 in Ranged Weapons
  7336 | D:5      | Bought a twisted cloak for 256 gold pieces
  7336 | D:5      | Identified the +1 cloak of Equip {Rampage *Slow Int+7 SInv}
                  | (You bought it in a shop on level 5 of the Dungeon)
  7662 | D:8      | Reached skill level 13 in Ranged Weapons
  8078 | D:8      | Found a shimmering altar of Xom.
  8107 | D:9      | Found an iron altar of Okawaru.
  8157 | D:9      | Reached XP level 10. HP: 66/66 MP: 9/9
  8196 | D:9      | Found a staircase to the Lair.
  8196 | D:9      | Noticed a death yak
  8212 | D:9      | Killed a death yak
  8213 | D:9      | Reached skill level 14 in Ranged Weapons
  8258 | D:9      | Noticed a death yak
  8259 | D:9      | Noticed a death yak
  8711 | D:9      | Reached **** piety under Hepliaklqana
  8715 | D:9      | Found a basalt altar of Yredelemnul.
  8879 | D:9      | Paralysed by a hornet for 3 turns
  9093 | D:9      | Found a blossoming altar of Fedhas.
  9216 | D:9      | Found Leidghe's Weapon Boutique.
  9420 | D:10     | Entered Level 10 of the Dungeon
  9533 | D:10     | Reached skill level 15 in Ranged Weapons
  9621 | D:10     | Found a transporter.
  9659 | D:10     | Killed a two-headed ogre
  9670 | D:10     | Noticed hikkokomori's ghost (journeyman FoFi)
  9675 | D:10     | Found a transporter.
  9675 | D:10     | Noticed a tengu warrior
  9678 | D:10     | Noticed a centaur warrior
  9678 | D:10     | Noticed a two-headed ogre
  9681 | D:10     | Noticed Erica
  9694 | D:10     | Killed Erica
  9700 | D:10     | Reached skill level 16 in Ranged Weapons
  9783 | D:10     | Noticed a two-headed ogre
  9790 | D:10     | Killed a two-headed ogre
  9791 | D:10     | Reached skill level 1 in Invocations
  9791 | D:10     | Reached XP level 11. HP: 43/73 MP: 9/11
  9898 | D:10     | Noticed a two-headed ogre
  9905 | D:10     | Killed a two-headed ogre
 10096 | D:10     | Noticed a two-headed ogre
 10103 | D:10     | Killed a two-headed ogre
 10181 | D:10     | Noticed a two-headed ogre
 10186 | D:10     | Reached skill level 5 in Dodging
 10187 | D:10     | Reached skill level 5 in Fighting
 10192 | D:10     | Killed a two-headed ogre
 10340 | D:10     | Noticed a centaur warrior
 10347 | D:10     | Killed a centaur warrior
 10479 | D:10     | Noticed a two-headed ogre
 10487 | D:10     | Killed a two-headed ogre
 10523 | D:10     | Noticed an oklob plant
 10550 | D:10     | Killed an oklob plant
 10551 | D:10     | Reached skill level 5 in Invocations
 10939 | D:10     | Noticed a tengu warrior
 10948 | D:10     | Killed a tengu warrior
 11756 | D:11     | Noticed a two-headed ogre
 11763 | D:11     | Killed a two-headed ogre
 11764 | D:11     | Reached XP level 12. HP: 90/90 MP: 15/15
 11856 | D:11     | Learned a level 1 spell: Apportation
 11881 | D:11     | Noticed an entropy weaver
 11894 | D:11     | Killed an entropy weaver
 11929 | D:11     | Found a staircase to the Orcish Mines.
 12393 | Orc:1    | Entered Level 1 of the Orcish Mines
 12393 | Orc:1    | Reached ***** piety under Hepliaklqana
 12458 | Orc:1    | Found a frozen archway.
 12533 | Orc:2    | Entered Level 2 of the Orcish Mines
 12609 | Orc:2    | Noticed a two-headed ogre
 12618 | Orc:2    | Killed a two-headed ogre
 12731 | Orc:2    | Found a staircase to the Elven Halls.
 12808 | Orc:2    | Noticed Snorg
 12815 | Orc:2    | Killed Snorg
 12947 | Orc:2    | Noticed an orc high priest
 12977 | Orc:2    | Killed an orc high priest
 12978 | Orc:2    | Noticed an orc high priest
 13056 | Orc:2    | Killed an orc high priest
 13057 | Orc:2    | Reached skill level 10 in Fighting
 13308 | Orc:2    | Noticed an orc high priest
 13314 | Orc:2    | Killed an orc high priest
 13334 | Orc:2    | Noticed an orc warlord
 13504 | Orc:2    | Killed an orc warlord
 13505 | Orc:2    | Reached XP level 13. HP: 46/102 MP: 18/18
 13613 | Orc:2    | Noticed Rupert
 13792 | Orc:2    | Found Aluv's Antique Armour Shoppe.
 13793 | Orc:2    | Found Volo's Antique Weapon Emporium.
 13794 | Orc:2    | Found Xecoat's General Store.
 13794 | Orc:2    | Found Gerunuoj's Book Shoppe.
 13813 | Orc:2    | Bought a scarf of repulsion for 132 gold pieces
 13813 | Orc:2    | Bought a scroll of identify for 22 gold pieces
 13813 | Orc:2    | Bought a potion of curing for 33 gold pieces
 13905 | Orc:2    | Reached skill level 17 in Ranged Weapons
 14380 | Lair:1   | Entered Level 1 of the Lair of Beasts
 14432 | Lair:1   | You fall into a shaft and drop 1 floor!
 14584 | Lair:2   | Noticed Fannar
 14593 | Lair:2   | Slain by Fannar

Illustrated notes

Levels and vault maps discovered:
D:1:      nicolae_arrival_washed_ashore, layout_rooms,
          hellmonk_ecumenical_altar_lost_god
D:2:      minmay_door_path, layout_loops_corners, basic_altar, serial_shops,
          shop, uniq_natasha, uniq_sigmund
D:3:      layout_basic, mainiacjoe_overflow_paths
D:4:      layout_basic, tgw_kikubaaqudgha, serial_shops, shop
D:5:      layout_rooms, mainiacjoe_overflow_six_doors_small, serial_shops, shop,
          due_unseen_surprise, uniq_grinder
D:6:      layout_loops_ring, kennysheep_mini_moat, mainiacjoe_overflow_alcove_2,
          hellmonk_no_cap
D:7:      layout_layer_cave, mainiacjoe_overflow_large_starburst,
          minmay_temple_entry_glassed_door, minmay_shop_grid_forest,
          uniq_jeremiah
D:8:      layout_basic, general_overflow_altar, minmay_chambers_of_fives
D:9:      layout_loops_ring, okawaru_ov_weapons_minmay, fedhas_altar_4,
          lemuel_zombie_altar_yredelemnul, dpeg_lair_monsters, serial_glass,
          glass_columns_b, glass_columns_c, glass_columns_a, glass_columns_a,
          glass_columns_a, glass_columns_c, serial_shops, shop
D:10:     nzn_winding_woodlands_three_and_one
          [nzn_winding_woodlands_5x15_default,
          nzn_winding_woodlands_5x15_pathside_ponds,
          nzn_winding_woodlands_5x15_cabin,
          nzn_winding_woodlands_center_garden], layout_long_grid,
          nzn_ghost_randoct, introduction_to_nature_2, uniq_erica
D:11:     layout_long_grid, david_orc_5, amcnicky_mini_pool_small,
          chequers_serial_rivers_room_b
Lair:1:   layout_long_grid, uniq_urug, uniq_sonja
Lair:2:   layout_regular_city, minmay_swamp_entry_worms,
          hellmonk_spider_entry_life_and_decay, gauntlet_entry_generic,
          uniq_fannar
Orc:1:    layout_caves, portal_ice_cave_entry_pillars_2, basic_altar
Orc:2:    st_orc_congregation, layout_diamond_mine, mines2_lemuel, uniq_snorg,
          uniq_rupert

Skill      XL: |  1  2  3  4  5  6  7  8  9 10 11 12 13 |
---------------+----------------------------------------+-----
Long Blades    | 4 5 7 8 |  8.1
Ranged Weapons | 1 4 6 9 13 16 17 | 17.9
Shields        | 3 4 5 |  5.0
Fighting       | 3 7 10 | 10.3
Invocations    | 1 6 8 |  8.2
Dodging        | 7 9 |  9.7
Throwing       | |  2.0

Action                     |  1- 3 |  4- 6 |  7- 9 | 10-12 | 13-15 || total
---------------------------+-------+-------+-------+-------+-------++-------
  Melee: Long sword        |    63 |    29 |       |       |       ||    92
         Headbutt          |     8 |     3 |       |       |       ||    11
   Fire: Sling             |       |   160 |       |       |       ||   160
         Orcbow            |       |    11 |   294 |   653 |   113 ||  1071
         Arbalest          |       |       |       |    59 |    96 ||   155
  Throw: Throwing net      |       |       |       |     2 |       ||     2
 Invoke: Ancestor Identity |       |     1 |       |       |       ||     1
         Recall Ancestor   |       |       |     1 |     1 |     1 ||     3
         Ancestor Life: Kn |       |       |     1 |       |       ||     1
         Idealise          |       |       |       |     3 |     1 ||     4
         Transference      |       |       |       |       |     1 ||     1
  Evoke: Wand              |       |       |       |     1 |       ||     1
    Use: Potion            |     2 |     1 |     1 |     6 |     5 ||    15
         Scroll            |       |     6 |     9 |    19 |     5 ||    39
 Armour: Leather armour    |    32 |    77 |    61 |   118 |    31 ||   319
         Troll leather arm |       |       |       |    28 |    21 ||    49
  Dodge: Dodged            |    45 |    66 |    61 |   101 |   126 ||   399
  Block: Buckler           |       |     2 |       |       |       ||     2
